 Dungeon Crawl Stone Soup version 0.31-a0-236-g9a0961fb85 (webtiles) character file.

Game seed: 13587626388651394451

112 qw the Shooter (level 4, -2/26 HPs)
             Began as a Gargoyle Hexslinger on July 10, 2023.
             Slain by Sigmund
             ... wielding a +2 antimagic scythe
              (8 damage)
             ... on level 2 of the Dungeon.
             The game lasted 00:00:40 (1238 turns).

qw the Shooter (Gargoyle Hexslinger)                Turns: 1238, Time: 00:00:41

Health: -2/26      AC:  7    Str: 12    XL:     4   Next: 95%
Magic:  0/5        EV: 12    Int: 13    God:
Gold:   74         SH:  0    Dex: 20    Spells: 4/5 levels left

rFire   . . .        Y - +1 sling
rCold   . . .        (no shield)
rNeg    + . .        d - +0 leather armour
rPois   inf          (no helmet)
rElec   +            (no cloak)
rCorr   .            (no gloves)
SInv    .            a - +0 pair of boots
Will    +....        (no amulet)
Stlth   +            e - +6 ring of dexterity
HPRegen 0.24/turn    (no ring)
MPRegen 0.09/turn

%: no passive effects
@: enlightened, flying (expiring)
A: sickness immunity, AC +3, negative energy resistance 1, electricity
resistance, torment resistance 1, petrification resistance
a: no special abilities


You were on level 2 of the Dungeon.
You visited 1 branch of the dungeon, and saw 2 of its levels.

You collected 74 gold pieces.


Innate Abilities, Weirdness & Mutations

You are immune to sickness and miasma.
Your stone body is resilient. (AC +3)
You are immune to poison.
You resist negative energy. (rN+)
You are resistant to electric shocks. (rElec)
You are resistant to unholy torment.
You are immune to petrification.


   Skills:
 - Level 2.0 Fighting
 + Level 4.6 Ranged Weapons
 - Level 1.5 Dodging
 - Level 1.0 Spellcasting
 - Level 2.6 Hexes


You had 4 spell levels left.
You knew the following spells:

 Your Spells              Type           Power      Damage    Failure   Level
a - Slow                  Hex            28%        N/A       12%         1

Your spell library contained the following spells:

 Spells                   Type           Power      Damage    Failure   Level
 Inner Flame              Hex/Fire       4%         N/A       52%         3
 Portal Projectile        Hex/Tloc       8%         N/A       52%         3
 Cause Fear               Hex            3%         N/A       75%         4

Inventory:

Hand Weapons
 Y - a +1 sling (weapon)
Armour
 a - a +0 pair of boots (worn)
 d - a +0 leather armour (worn)
Jewellery
 e - a +6 ring of dexterity (left hand)
Potions
 b - a potion of lignification {unknown}
 c - a potion of curing {unknown}
 f - a potion of brilliance {unknown}
 g - a potion of magic {unknown}
 h - a potion of enlightenment

Dungeon Overview and Level Annotations

Branches:
Dungeon (2/15)

Altars:

Shops:
D:1 [

Annotations:
D:2 Sigmund


Message History

Enter note:
Enter note:
Enter note:
Enter note:
Enter note:
Enter note:
Enter note:
Enter note:
Enter note:
Enter note:
Enter note:
Enter note:
Enter note:
Enter note:
Enter note:
Enter note: You shoot a sling bullet.
The sling bullet hits Sigmund.
Sigmund is lightly wounded.
You shoot a sling bullet. The sling bullet barely misses Sigmund.
Sigmund casts a spell.
Sigmund flickers and vanishes!
Deactivating autopickup; reactivate with Ctrl-A.
You shoot a sling bullet.
A magic dart appears from out of thin air!
The magic dart hits you.
You shoot a sling bullet. You shoot a sling bullet. Something hits you!
You feel your power leaking away.
You shoot a sling bullet. Something hits you.
You shoot a sling bullet. Something hits you.
You shoot a sling bullet. You shoot a sling bullet. Something hits you.
You shoot a sling bullet.
You are starting to lose your buoyancy.
Something hits you!
You die...

##+##!# #.....# '.....# #...
#.....#####..## ..
#.....#............
.#####.......###..##.###
.'......................
######@#..#.##...##.#.#
#................##.#.#
#.####{..........##.#.# ###
#.....<................
...#####.####.#...###.........
.....(.......#...# #...##.#.#
................###.........
####..##......#..............#
....#..#..##.##.#.###...##.#.#


There were no monsters in sight!

Vanquished Creatures
  Natasha (twice) (D:2)
  An adder (D:2)
  A worm (D:2)
  A dart slug (D:2)
  8 endoplasms
  2 giant cockroaches
  3 goblins (D:1)
  6 hobgoblins
  4 kobolds
  4 quokkas
  5 bats
  2 frilled lizards (D:1)
  5 rats
44 creatures vanquished.

Notes
Turn   | Place    | Note
-------+----------+-------------------------------------------
     0 | D:1      | qw the Gargoyle Hexslinger began the quest for the Orb.
     0 | D:1      | Reached XP level 1. HP: 12/12 MP: 2/2
     0 | D:1      | 0 ||| qw: Version: 0.3-a-52-g30416fa
     0 | D:1      | 0 ||| qw: Game counter: 4664
     0 | D:1      | 0 ||| qw: Melee chars always use a shield: true
     0 | D:1      | 0 ||| qw: God list: Okawaru
     0 | D:1      | 0 ||| qw: Allow faded altars: false
     0 | D:1      | 0 ||| qw: Do Orc after clearing Dungeon:15 true
     0 | D:1      | 0 ||| qw: Do second Lair branch before Depths: true
     0 | D:1      | 0 ||| qw: Lair rune preference: random
     0 | D:1      | 0 ||| qw: Goals: Normal
     0 | D:1      | 0 ||| PLANNING D:1-11
     2 | D:1      | Noticed a merfolk
     2 | D:1      | Noticed a draconian
     4 | D:1      | Noticed a minotaur
     4 | D:1      | Noticed a felid
     6 | D:1      | Noticed a demonspawn
     8 | D:1      | Noticed a demigod
     8 | D:1      | Noticed a meteoran
    10 | D:1      | Noticed a vine stalker
    10 | D:1      | Noticed an octopode
    12 | D:1      | Noticed a tengu
    12 | D:1      | Noticed a gargoyle
    14 | D:1      | Noticed an elf
    16 | D:1      | Noticed a human
    19 | D:1      | Noticed a formicid
    19 | D:1      | Noticed a ghoul
    21 | D:1      | Noticed an armataur
    21 | D:1      | Noticed a spriggan
    23 | D:1      | Noticed a troll
    23 | D:1      | Noticed an ogre
    25 | D:1      | Noticed a vampire
    25 | D:1      | Noticed an ogre
    27 | D:1      | Noticed a felid
    27 | D:1      | Noticed a ghoul
   140 | D:1      | Reached XP level 2. HP: 16/16 MP: 3/3
   215 | D:1      | Found Kesikhlyf's Armour Shoppe.
   226 | D:1      | 226 ||| SHOPLISTING +0 ring mail of cold resistance (132
                  | gold, have 13).
   245 | D:1      | Reached skill level 3 in Ranged Weapons
   420 | D:1      | Reached XP level 3. HP: 21/21 MP: 4/4
   571 | D:1      | 571 ||| UPGRADING to +0 leather armour.
   581 | D:1      | 581 ||| DROPPING +0 robe.
   582 | D:1      | 582 ||| UPGRADING to +6 ring of dexterity.
   583 | D:1      | 583 ||| READING scroll labelled PYOMPA WEOSKESORR.
   584 | D:1      | 584 ||| DROPPING scroll of poison.
   760 | D:2      | Noticed Natasha
   768 | D:2      | Killed Natasha
   769 | D:2      | Reached XP level 4. HP: 16/26 MP: 5/5
   962 | D:2      | Reached skill level 4 in Ranged Weapons
   997 | D:2      | Noticed Natasha
  1002 | D:2      | Killed Natasha
  1155 | D:2      | Noticed Sigmund
  1159 | D:2      | 1159 ||| FLEEEEING.
  1160 | D:2      | 1160 ||| FLEEEEING.
  1161 | D:2      | 1161 ||| FLEEEEING.
  1162 | D:2      | 1162 ||| FLEEEEING.
  1163 | D:2      | 1163 ||| FLEEEEING.
  1165 | D:2      | 1165 ||| FLEEEEING.
  1166 | D:2      | 1166 ||| FLEEEEING.
  1168 | D:2      | 1168 ||| FLEEEEING.
  1169 | D:2      | 1169 ||| FLEEEEING.
  1170 | D:2      | 1170 ||| FLEEEEING.
  1174 | D:2      | 1174 ||| STAIRDANCE
  1217 | D:1      | 1217 ||| UPGRADING to +0 pair of boots.
  1222 | D:1      | 1222 ||| DRINKING 2 orange potions.
  1237 | D:2      | HP: 6/26 [something (6)]
  1238 | D:2      | Slain by Sigmund

Levels and vault maps discovered:
D:1:      kb_arrival_jail, layout_loops_ring, serial_shops, shop
D:2:      layout_basic, uniq_natasha, uniq_sigmund

Skill      XL: |  1  2  3  4 |
---------------+-------------+-----
Ranged Weapons | 3 4 |  4.6
Fighting       | 2 |  2.0
Dodging        | |  1.5
Spellcasting   | |  1.0
Hexes          | |  2.6

Action                     |  1- 3 |  4- 6 || total
---------------------------+-------+-------++-------
   Fire: Sling             |    78 |    64 ||   142
    Use: Scroll            |     1 |       ||     1
         Potion            |       |     1 ||     1
 Armour: Robe              |     3 |       ||     3
         Leather armour    |       |     6 ||     6
  Dodge: Dodged            |    17 |     7 ||    24

Table legend:
 A = Non-vault XP
 B = Vault XP
 C = Vault XP percentage of total XP
 D = Non-vault monster count
 E = Vault monster count
 F = Vault count percentage of total count
                 A         B        C        D         E       F
            +---------+---------+-------+---------+---------+-------
      Total |     126 |      35 |  21.7 |      43 |       1 |   2.3
            +---------+---------+-------+---------+---------+-------
        D:1 |      38 |       0 |   0.0 |      22 |       0 |   0.0
        D:2 |      88 |      35 |  28.5 |      21 |       1 |   4.5
            +---------+---------+-------+---------+---------+-------
